 Dungeon Crawl Stone Soup version 0.29.0-4-gdea44cf6ec (webtiles) character file.

Game seed: 671081680796835850

83 qw the Ruffian (level 4, -2/35 HPs)
             Began as a Ghoul Fire Elementalist on Aug 29, 2022.
             Slain by an adder (3 damage)
             ... on level 3 of the Dungeon.
             The game lasted 00:01:53 (2502 turns).

qw the Ruffian (Ghoul Fire Elementalist)            Turns: 2502, Time: 00:01:53

Health: -2/35      AC:  6    Str: 13    XL:     4   Next: 44%
Magic:  5/5        EV: 10    Int: 10    God:
Gold:   98         SH:  0    Dex:  9    Spells: 5/6 levels left

rFire   . . .      SeeInvis .     - Unarmed
rCold   + . .      Faith    .   (no shield)
rNeg    + + +      Spirit   .   c - +0 ring mail
rPois   inf        Reflect  .   j - +1 hat
rElec   .          Harm     .   (no cloak)
rCorr   .          Rampage  .   (no gloves)
Will    .....                   (no boots)
Stlth   +.........              (no amulet)
HPRegen 0.00/turn               (no ring)
MPRegen 0.09/turn               (no ring)

@: about to teleport, inhibited regen
A: claws 1, cold resistance 1, negative energy resistance 3, inhibited
regeneration, torment resistance 2, devour on kill
a: no special abilities


You were on level 3 of the Dungeon.
You visited 1 branch of the dungeon, and saw 3 of its levels.

You collected 98 gold pieces.


Innate Abilities, Weirdness & Mutations

You are immune to poison.
You have sharp fingernails.
Your flesh is cold resistant. (rC+)
You are immune to negative energy. (rN+++)
You do not regenerate when monsters are visible.
You are immune to unholy pain and torment.
You thrive by killing the living.


   Skills:
 + Level 1.3 Fighting
 - Level 1.7 Dodging
 - Level 2.1 Stealth
 - Level 4.0 Unarmed Combat
 - Level 1.7 Spellcasting
 - Level 0.7 Conjurations
 - Level 2.4 Fire Magic


You had 5 spell levels left.
You knew the following spells:

 Your Spells              Type           Power      Damage    Failure   Level
a - Foxfire               Conj/Fire      16%        2x1d4     36%         1

Your spell library contained the following spells:

 Spells                   Type           Power      Damage    Failure   Level
 Scorch                   Fire           10%        2d5       36%         2
 Conjure Flame            Conj/Fire      4%         6-21      73%         3
 Inner Flame              Hex/Fire       3%         N/A       78%         3
 Flame Wave               Conj/Fire      4%         2d5       98%         4

Inventory:

Armour
 c - a +0 ring mail (worn)
 j - a +1 hat (worn)
Scrolls
 e - a scroll of identify
Potions
 b - a potion of cancellation
 h - a potion of haste
 i - a potion of degeneration {unknown}

Dungeon Overview and Level Annotations

Branches:
Dungeon (3/15)

Altars:


Message History

The jackal misses you. The adder bites you but does no damage.
The gnoll barely misses you.
The gnoll hits you from afar with a +0 spear.
You barely miss the adder.
The adder is almost dead.
The jackal bites you but does no damage.
The adder bites you.
The gnoll hits you from afar with a +0 spear!
The gnoll hits you from afar with a +0 spear.
The jackal closely misses you.
You scratch the adder.
The adder is almost dead.
The adder closely misses you.
The gnoll hits you from afar with a +0 spear.
The jackal misses you.
The gnoll hits you from afar with a +0 spear.
2498 ||| READING scroll of teleportation.
As you read the scroll of teleportation, it crumbles to dust.
You feel strangely unstable. The adder bites you but does no damage.
The jackal barely misses you. The gnoll completely misses you.
The gnoll hits you but does no damage. The adder misses you.
2499 ||| Stepping ~*~*~tactically~*~*~ (outnumbered).
Found a scroll of teleportation.
The jackal bites you but does no damage.
You closely miss the adder.
The adder is almost dead.
The adder bites you but does no damage.
The jackal bites you but does no damage.
The gnoll hits you from afar with a +0 spear.
You barely miss the adder.
The adder is almost dead.
The adder bites you but does no damage. The jackal barely misses you.
The gnoll barely misses you. The gnoll misses you.
You miss the adder.
The adder is almost dead.
The jackal closely misses you. The adder bites you but does no damage.
The gnoll hits you but does no damage. The jackal bites you.
The gnoll closely misses you. The adder bites you.
You die...

#. .# #.
..... ....
#.#.# #.#..
..........
##.#.#.#.#
#.Br.w...
##g#g#.#.##
#.hShhh...#
##@#<#.#.##
#.### ..#
#.## .. ...
..# ..?


You could see a worm, 2 gnolls, an adder, 4 jackals, a giant cockroach and a
rat.

Vanquished Creatures
  3 adders (D:2)
  A worm (D:2)
  2 dart slugs (D:2)
  2 ball pythons (D:2)
  A bat (D:1)
  8 endoplasms
  3 goblins
  A hobgoblin (D:2)
  11 jackals (D:2)
  A quokka (D:2)
  A frilled lizard (D:2)
  6 kobolds
  4 rats
44 creatures vanquished.

Notes
Turn   | Place    | Note
-------+----------+-------------------------------------------
     0 | D:1      | qw the Ghoul Fire Elementalist began the quest for the Orb.
     0 | D:1      | Reached XP level 1. HP: 14/14 MP: 2/2
     0 | D:1      | 0 ||| qw: Version: 0.1-a-90-g952f4b7
     0 | D:1      | 0 ||| qw: Game counter: 3766
     0 | D:1      | 0 ||| qw: Always use a shield: true
     0 | D:1      | 0 ||| qw: God list: Okawaru
     0 | D:1      | 0 ||| qw: Allow faded altars: false
     0 | D:1      | 0 ||| qw: Do Orc after D:15 true
     0 | D:1      | 0 ||| qw: Do second Lair branch before Depths: true
     0 | D:1      | 0 ||| qw: Lair rune preference: random
     0 | D:1      | 0 ||| qw: Plans: Normal
     0 | D:1      | 0 ||| PLANNING D:1-11
   301 | D:1      | Reached skill level 1 in Unarmed Combat
   403 | D:1      | Reached XP level 2. HP: 22/22 MP: 3/3
   478 | D:1      | Reached skill level 1 in Fighting
   718 | D:1      | 718 ||| UPGRADING to +0 ring mail.
   728 | D:1      | 728 ||| DROPPING +0 robe.
   729 | D:1      | 729 ||| DROPPING amulet of magic regeneration.
   730 | D:1      | 730 ||| READING 3 scrolls labelled ZECETYG CAJA.
   731 | D:1      | 731 ||| DRINKING 2 black potions.
   732 | D:1      | 732 ||| READING 2 scrolls of identify.
   732 | D:1      | 732 ||| IDENTIFYING puce potion
   733 | D:1      | 733 ||| DROPPING potion of magic.
   734 | D:1      | 734 ||| DROPPING potion of brilliance.
   735 | D:1      | 735 ||| DROPPING potion of attraction.
   862 | D:2      | Reached skill level 2 in Unarmed Combat
   902 | D:2      | 902 ||| Stepping ~*~*~tactically~*~*~ (stealth).
   993 | D:2      | Reached XP level 3. HP: 16/28 MP: 4/4
  1189 | D:2      | Reached skill level 3 in Unarmed Combat
  1229 | D:2      | 1229 ||| Stepping ~*~*~tactically~*~*~ (hiding).
  1331 | D:2      | 1331 ||| Stepping ~*~*~tactically~*~*~ (hiding).
  1433 | D:2      | 1433 ||| Stepping ~*~*~tactically~*~*~ (hiding).
  1560 | D:2      | Reached XP level 4. HP: 35/35 MP: 5/5
  1661 | D:2      | 1661 ||| Stepping ~*~*~tactically~*~*~ (stealth).
  1664 | D:2      | 1664 ||| Stepping ~*~*~tactically~*~*~ (stealth).
  1706 | D:2      | 1706 ||| Stepping ~*~*~tactically~*~*~ (stealth).
  1708 | D:2      | 1708 ||| Stepping ~*~*~tactically~*~*~ (stealth).
  1904 | D:2      | Found a faded altar of an unknown god.
  2132 | D:2      | Reached skill level 4 in Unarmed Combat
  2436 | D:2      | 2436 ||| UPGRADING to +1 hat.
  2441 | D:2      | 2441 ||| READING 2 scrolls labelled AKHLAAH AGIUHO.
  2445 | D:2      | 2445 ||| READING scroll labelled FOAVAISSABLO.
  2446 | D:2      | 2446 ||| READING scroll labelled TOHAPH DOXIMM.
  2447 | D:2      | 2447 ||| READING 5 scrolls of identify.
  2447 | D:2      | 2447 ||| IDENTIFYING viscous red potion
  2448 | D:2      | 2448 ||| READING 4 scrolls of identify.
  2448 | D:2      | 2448 ||| IDENTIFYING emerald potion
  2449 | D:2      | 2449 ||| READING 3 scrolls of identify.
  2449 | D:2      | 2449 ||| IDENTIFYING purple potion
  2450 | D:2      | 2450 ||| READING 2 scrolls of identify.
  2450 | D:2      | 2450 ||| IDENTIFYING brown potion
  2451 | D:2      | 2451 ||| DROPPING potion of lignification.
  2452 | D:2      | 2452 ||| DROPPING potion of invisibility.
  2485 | D:3      | 2485 ||| Stepping ~*~*~tactically~*~*~ (hiding).
  2486 | D:3      | 2486 ||| Stepping ~*~*~tactically~*~*~ (hiding).
  2497 | D:3      | HP: 6/35 [gnoll/+0 spear (4)]
  2498 | D:3      | 2498 ||| READING scroll of teleportation.
  2499 | D:3      | 2499 ||| Stepping ~*~*~tactically~*~*~ (outnumbered).
  2502 | D:3      | HP: 1/35 [jackal (2)]
  2502 | D:3      | Slain by an adder

Levels and vault maps discovered:
D:1:      kennysheep_arrival_forest, layout_basic
D:2:      layout_basic, chequers_ecumenical_altar_simple
D:3:      layout_basic, amcnicky_altar_gilded, serial_shops,
          nicolae_shop_crystal, st_stairs_9, minmay_misc_feat_secret_circle,
          minmay_pentomino_pile

Skill      XL: |  1  2  3  4 |
---------------+-------------+-----
Unarmed Combat | 1 2 3 4 |  4.0
Fighting       | 1 |  1.3
Dodging        | |  1.7
Stealth        | |  2.1
Spellcasting   | |  1.7
Conjurations   | |  0.7
Fire Magic     | |  2.4

Action                   |  1- 3 |  4- 6 || total
-------------------------+-------+-------++-------
Melee: Unarmed           |   105 |    68 ||   173
       Punch             |       |     1 ||     1
  Use: Scroll            |     2 |     8 ||    10
       Potion            |     1 |       ||     1
Armor: Robe              |     3 |       ||     3
       Ring mail         |    32 |    27 ||    59
Dodge: Dodged            |    49 |    42 ||    91

Table legend:
 A = Non-vault XP
 B = Vault XP
 C = Vault XP percentage of total XP
 D = Non-vault monster count
 E = Vault monster count
 F = Vault count percentage of total count
                 A         B        C        D         E       F
            +---------+---------+-------+---------+---------+-------
      Total |     119 |       0 |   0.0 |      44 |       0 |   0.0
            +---------+---------+-------+---------+---------+-------
        D:1 |      14 |       0 |   0.0 |       9 |       0 |   0.0
        D:2 |     105 |       0 |   0.0 |      35 |       0 |   0.0
            +---------+---------+-------+---------+---------+-------
